 Dungeon Crawl Stone Soup version 0.16-a0-764-g7febf84 (webtiles) character file.

102 PolkaDot the Insei (level 4, -6/37 HPs)
             Began as a Demonspawn Monk on Sept 24, 2014.
             Killed from afar by an orc wizard (7 damage)
             ... with a puff of flame
             ... on Level 3 of the Dungeon.
             The game lasted 00:07:03 (2069 turns).

PolkaDot the Insei (Demonspawn Monk)                Turns: 2069, Time: 00:07:03

HP  -6/37        AC  5     Str 17      XL: 4   Next: 49%
MP   4/4         EV 13     Int 12      God:
Gold 80          SH  0     Dex 16      Spells:  0 memorised,  3 levels left

rFire  . . .     SeeInvis .       - Unarmed
rCold  . . .     Clarity  .     a - +0 robe
rNeg   . . .     rCorr    .     (no shield)
rPois  .         rRot     .     j - +0 helmet
rElec  .         Spirit   .     (no cloak)
SustAb .         Warding  .     e - +0 pair of gloves
rMut   .         Stasis   .     v - +0 pair of boots
Gourm  .                        (no amulet)
MR     .....                    (no ring)
                                i - +1 ring of intelligence

@: mighty, not resistant to hostile enchantments, unstealthy
A: talons 1, powered by death 1
a: no special abilities


You were on level 3 of the Dungeon.
You were not hungry.

You visited 1 branch of the dungeon, and saw 3 of its levels.

You collected 80 gold pieces.

Inventory:

Armour
 a - a +0 robe (worn)
 e - a +0 pair of gloves (worn)
 j - a +0 helmet (worn)
 v - a +0 pair of boots (worn)
Magical devices
 h - a wand of slowing (13)
Comestibles
 b - 2 bread rations
 c - 2 slices of pizza
 g - 3 meat rations
 l - a chunk of ball python flesh
 n - a chunk of orc flesh
 u - 3 chunks of orc flesh
Scrolls
 f - 3 scrolls of teleportation {unknown}
 q - 7 scrolls of identify {unknown}
 x - 2 scrolls of fear {unknown}
Jewellery
 i - a +1 ring of intelligence (left hand)
 r - an uncursed ring of fire {unknown}
Potions
 m - a potion of restore abilities {unknown}
 p - a potion of flight {unknown}
 s - a potion of magic {unknown}
 t - a potion of brilliance {unknown}


   Skills:
 + Level 4.1 Fighting
 - Level 2.6 Dodging
 - Level 1.7 Stealth
 * Level 4.7 Unarmed Combat


You had 3 spell levels left.
You didn't know any spells.

Dungeon Overview and Level Annotations

Branches:
Dungeon (3/15)

Altars:
Cheibriados
Elyvilon


Innate Abilities, Weirdness & Mutations

You have sharp toenails.
You can steal the life force of nearby defeated enemies.


Message History

You hear some strange, mumbled words.
Something tries to affect you, but you resist.
You hit something but do no damage.
You hear some strange, mumbled words.
The magic dart hits you!
You closely miss something. Something barely misses you.
You hit something. Something completely misses you.
You barely miss something. You closely miss something.
You hear some strange, mumbled words.
A puff of flame appears from out of thin air!
The puff of flame hits you!
* * * LOW HITPOINT WARNING * * *
Drink which item? (? for menu, Esc to quit)
You feel very mighty all of a sudden.
It was a potion of might.
You hear some strange, mumbled words.
A puff of flame appears from out of thin air!
The puff of flame hits you!
You die...

.# #..#
#.##.#
.###.##
#.##.#
.##..#
#.##.####
###.##
#.##...(#
##..# ####.#
##.## #.#
##.# #.#
#..# #.#
#.########.#
#@#
#...>......#
#{#
#.##########
#o# ..# #.#
..# #.# ..#
#.# ..# #.#
..# #.# ###
#.#


You could see an orc.

Vanquished Creatures
  A gnoll (D:2)
  An adder (D:2)
  2 worms (D:2)
  A giant gecko (D:2)
  8 orcs
  3 ball pythons
  3 giant cockroaches
  3 goblins
  10 hobgoblins
  2 jackals (D:2)
  A quokka (D:3)
  3 bats
  12 giant newts
  7 kobolds
  9 rats
66 creatures vanquished.

Notes
Turn   | Place    | Note
--------------------------------------------------------------
     0 | D:1      | PolkaDot, the Demonspawn Monk, began the quest for the Orb.
     0 | D:1      | Reached XP level 1. HP: 18/18 MP: 1/1
   319 | D:1      | Gained mutation: You can steal the life force of nearby defeated enemies. [demonic ancestry]
   319 | D:1      | Reached XP level 2. HP: 18/24 MP: 2/2
   322 | D:1      | Reached skill level 4 in Unarmed Combat
   919 | D:2      | Gained mutation: You have sharp toenails. [demonic ancestry]
   919 | D:2      | Reached XP level 3. HP: 26/29 MP: 3/3
   946 | D:2      | Found a white marble altar of Elyvilon.
  1100 | D:2      | Found a snail-covered altar of Cheibriados.
  1439 | D:2      | Reached XP level 4. HP: 25/37 MP: 4/4
  2068 | D:3      | HP: 1/37 [something/puff of flame (9)]
  2069 | D:3      | Killed from afar by an orc wizard

Action                   |  1- 3 |  4- 6 || total
-------------------------+-------+-------++-------
Melee: Unarmed           |   164 |    94 ||   258
  Use: Potion            |       |     3 ||     3
 Stab: Sleeping          |     1 |     2 ||     3
  Eat: Chunk             |     2 |     2 ||     4
